 Dungeon Crawl Stone Soup version 0.22-a0-618-gd6a3efe (webtiles) character file.

26 Ijustatesigmund the Shield-Bearer (level 3, -20/26 HPs)
             Began as an Octopode Fighter on July 13, 2018.
             Engulfed by a cloud of flame (27 damage)
             ... on level 2 of the Dungeon.
             The game lasted 00:01:24 (696 turns).

Ijustatesigmund the Shield-Bearer (Octopode Fighter) Turns: 696, Time: 00:01:25

Health: -20/26     AC:  1    Str: 15    XL:     3   Next: 8%
Magic:  3/3        EV: 11    Int: 10    God:
Gold:   41         SH:  8    Dex: 12    Spells: 2/2 levels left

rFire    . . .     SeeInvis .   a - +0 war axe
rCold    . . .     Gourm    .   b - +0 shield
rNeg     . . .     Faith    .   (helmet restricted)
rPois    .         Spirit   .   (no amulet)
rElec    .         Reflect  .   (no ring)
rCorr    .         Harm     .   (no ring)
MR       .....                  (no ring)
Stlth    ++........             (no ring)
HPRegen  0.08/turn              (no ring)
MPRegen  0.08/turn              (no ring)
                                (no ring)
                                (no ring)

@: about to teleport
A: almost no armour, stealthy swim, amphibious, 8 rings, constrict 8, camouflage
1, gelatinous body 1
a: no special abilities


You were on level 2 of the Dungeon.
You were not hungry.

You visited 1 branch of the dungeon, and saw 2 of its levels.

You collected 41 gold pieces.

Inventory:

Hand Weapons
 a - a +0 war axe (weapon)
Armour
 b - a +0 shield (worn)
Jewellery
 h - an uncursed ring of protection from magic {unknown}
 j - a +2 ring of intelligence {unknown}
Potions
 c - a potion of might
 e - a potion of lignification
 f - a potion of flight
 g - a potion of curing {unknown}
Comestibles
 d - a ration


   Skills:
 + Level 3.2 Fighting
 * Level 2.8 Axes
 - Level 3.0 Dodging
 + Level 3.3 Shields


You had 2 spell levels left.
You didn't know any spells.
Your spell library was empty.

Dungeon Overview and Level Annotations

Branches:
Dungeon (2/15)

Altars:


Innate Abilities, Weirdness & Mutations

You cannot wear most types of armour.
You are very stealthy in the water. (Stealth+)
You are amphibious.
You can wear up to eight rings at the same time.
You can use your tentacles to constrict eight enemies at once.
Your skin changes colour to match your surroundings (Stealth+).
Your rubbery body absorbs attacks. (AC +1, EV +1)


Message History

k - a scroll labeled QENLEY DEWN
Found 25 sling bullets.
A frilled lizard comes into view.
The frilled lizard hisses angrily.
Okay, then.
As you read the scroll labeled WAYSIASHOVA, it crumbles to dust.
The creatures around you are filled with an inner flame!
It was a scroll of immolation.
As you read the scroll labeled QENLEY DEWN, it crumbles to dust.
You feel strangely unstable.
It was a scroll of teleportation.
A frilled lizard is nearby!
You block the frilled lizard's attack.
You barely miss the frilled lizard. You grab the frilled lizard.
The frilled lizard explodes!
The fiery explosion engulfs you!
Ouch! That really hurt!
* * * LOW HITPOINT WARNING * * *
You are engulfed in blazing flames.
Ouch! That really hurt!
You die...

#.. #.##.. ##.. #.#..
... #.#.. #.. #.
#.#.. #.%##. ###.#.#
.... #...#.# §§# ##..
#.#.#†# #####§##.....
#.#.#.###...§@§.#$#..
#.#..................
#.###................
#.# #####.###.#......
#.# #.# #.######. #.#
#.# #.# #.# #.# #.#
#.#######.# #.#
#.......#.# #.#


There were no monsters in sight!

Vanquished Creatures
  An adder (D:2)
  A dart slug (D:1)
  2 bats (D:1)
  5 goblins (D:1)
  2 hobgoblins
  2 frilled lizards
  3 rats (D:1)
16 creatures vanquished.

Notes
Turn   | Place    | Note
-------+----------+-------------------------------------------
     0 | D:1      | Ijustatesigmund the Octopode Fighter began the quest for the Orb.
     0 | D:1      | Reached XP level 1. HP: 16/16 MP: 1/1
   257 | D:1      | Reached XP level 2. HP: 21/21 MP: 2/2
   683 | D:2      | Reached XP level 3. HP: 26/26 MP: 3/3
   696 | D:2      | Engulfed by a cloud of flame

Vault maps used:
D:1:      evilmike_arrival_plus
D:2:      cheibrodos_old_hovel

Action                   || total
-------------------------++-------
Melee: War axe           ||    24
       Constrict         ||     9
       Tentacles         ||     3
  Use: Scroll            ||     4
 Stab: Sleeping          ||     1
Armor: Skin              ||     1
Dodge: Dodged            ||     8
Block: Shield            ||     6

Table legend:
 A = Spawn XP
 B = Non-spawn XP
 C = Spawn XP percentage of total XP
 D = Spawn monster count
 E = Non-spawn monster count
 F = Spawn count percentage of total count
 G = Total turns spent on level
                    A         B        C        D         E        F      G
               +---------+---------+-------+---------+---------+-------+---------
         Total |       0 |      38 |   0.0 |       0 |      16 |   0.0 |   696
               +---------+---------+-------+---------+---------+-------+---------
           D:1 |       0 |      21 |   0.0 |       0 |      13 |   0.0 |   661
           D:2 |       0 |      17 |   0.0 |       0 |       3 |   0.0 |    35
               +---------+---------+-------+---------+---------+-------+---------
